Map: World of Sleepers LE

Players

llllllllllll (Trap) - Winner!

  • Race: Protoss Protoss
  • League: Master
  • Spawn Location: 1:00

Patience

  • Race: Protoss Protoss
  • League: Master
  • Spawn Location: 7:00

VOD

Have the link to the VOD?

Description

Time

  • Played on: Jan. 6, 2020, 8:30 p.m.
  • Length: 10:19
Show
View Real Time Build Order
Export as new Build Order

llllllllllll Protoss - Winner!

Build Orders:  

Get SALT Encoding   

  12  0:00  Probe  
  13  0:12  Probe  
  14  0:17  Pylon  
  14  0:24  Probe (Chrono Boost)  
  15  0:36  Probe (Chrono Boost)  
  15  0:39  Gateway  
  16  0:45  Probe (Chrono Boost)  
  17  0:50  Assimilator  
  17  0:51  Probe  
  17  0:54  Assimilator  
  18  1:05  Probe (Chrono Boost)  
  18  1:07  Gateway  
  19  1:14  Probe (Chrono Boost)  
  20  1:19  Probe  
  21  1:25  Cybernetics Core  
  21  1:31  Probe  
  22  1:32  Pylon  
  22  1:43  Probe  
  23  1:55  Probe  
  24  2:02  Warp Gate, Robotics Facility  
  24  2:03  Stalker  
  26  2:13  Stalker  
  28  2:20  Pylon  
  28  2:33  Stalker  
  30  2:44  Stalker  
  30  2:47  Immortal (Chrono Boost)  
  36  3:00  Shield Battery  
  36  3:08  Pylon  
  36  3:19  Warp Prism (Chrono Boost)  
  38  3:29  Gateway  
  38  3:41  Pylon  
  38  3:56  Stalker x2  
  38  3:58  Observer  
  43  4:04  Stargate  
  39  4:20  Stalker x2  
  39  4:23  Stalker  
  43  4:41  Stalker  
  43  4:43  Stalker x2  
  49  5:04  Pylon  
  49  5:10  Stalker x2  
  53  5:20  Probe  
  54  5:35  Sentry, Stalker x2  
  60  6:00  Nexus  
  60  6:02  Pylon  
  60  6:10  Stalker  
  62  6:21  Immortal (Chrono Boost)  
  65  6:32  Stalker  
  67  6:38  Pylon  
  67  6:53  Immortal (Chrono Boost)  
  70  7:11  Stargate  
  70  7:13  Sentry  
  74  7:22  Immortal (Chrono Boost)  
  76  7:35  Probe x2  
  78  7:50  Probe x2  
  78  7:51  Shield Battery  
  80  7:55  Phoenix  
  82  8:03  Shield Battery  
  82  8:09  Robotics Facility  
  82  8:14  Pylon  
  82  8:27  Pylon  
  82  8:31  Phoenix (Chrono Boost)  
  84  8:38  Probe x2  
  86  8:47  Phoenix (Chrono Boost)  
  86  8:49  Pylon  
  86  8:53  Probe x2  
  90  8:56  Observer  
  91  9:05  Probe x2  
  93  9:12  Phoenix (Chrono Boost)  
  93  9:17  Zealot x2  
  93  9:20  Zealot  
  99  9:30  Immortal (Chrono Boost)  
  93  9:47  Zealot x3  
  93  9:52  Phoenix  
  75  10:11  Zealot x2  
Show
View Real Time Build Order
Export as new Build Order

Patience Protoss 

Build Orders: Phoenix Opening 

Get SALT Encoding   

  12  0:00  Probe  
  13  0:12  Probe  
  14  0:17  Pylon  
  14  0:25  Probe (Chrono Boost)  
  15  0:37  Probe (Chrono Boost)  
  15  0:38  Gateway  
  16  0:44  Probe (Chrono Boost)  
  16  0:48  Assimilator  
  17  0:51  Probe  
  17  0:55  Assimilator  
  18  1:03  Probe (Chrono Boost)  
  19  1:07  Gateway  
  19  1:15  Probe (Chrono Boost)  
  20  1:24  Probe (Chrono Boost)  
  20  1:25  Cybernetics Core  
  21  1:29  Probe  
  22  1:34  Pylon  
  22  1:41  Probe  
  23  1:54  Probe  
  24  2:02  Stalker  
  24  2:03  Warp Gate (Chrono Boost), Sentry  
  24  2:05  Pylon  
  28  2:30  Stargate  
  28  2:39  Stalker  
  28  2:41  Probe  
  31  2:48  Stalker  
  31  2:50  Shield Battery  
  33  3:00  Gateway  
  33  3:08  Pylon  
  33  3:14  Phoenix  
  33  3:15  Shield Battery  
  34  3:21  Stalker  
  36  3:27  Stalker  
  38  3:45  Phoenix (Chrono Boost)  
  39  3:55  Stalker  
  41  3:58  Pylon  
  41  3:59  Zealot  
  43  4:05  Stalker  
  43  4:23  Probe  
  44  4:29  Stalker  
  44  4:30  Stalker  
  48  4:31  Pylon  
  48  4:33  Stalker  
  48  4:36  Probe  
  46  5:01  Robotics Facility  
  44  5:09  Nexus  
  42  5:33  Shield Battery  
  42  5:34  Sentry  
  44  5:45  Immortal (Chrono Boost)  
  44  5:48  Shield Battery  
  44  5:49  Stalker  
  50  5:55  Stalker  
  52  6:10  Gateway  
  52  6:16  Pylon  
  52  6:17  Pylon  
  52  6:33  Robotics Bay  
  52  6:34  Observer (Chrono Boost)  
  52  6:37  Zealot x2  
  57  6:46  Warp Prism  
  59  7:03  Pylon  
  57  7:19  Colossus (Chrono Boost)  
  57  7:25  Observer  
  63  7:30  Zealot, Stalker x2  
  69  7:50  Nexus  
  69  8:04  Pylon  
  69  8:07  Observer  
  69  8:22  Sentry  
  69  8:23  Sentry  
  73  8:31  Immortal (Chrono Boost)  
  77  8:52  Sentry  
  79  9:02  Pylon  
  79  9:05  Stalker x2  
  83  9:20  Stalker  
  85  9:29  Stalker  
  85  9:30  Stalker  
  80  9:43  Stalker  
  78  9:55  Stalker  
  78  9:56  Zealot  
  62  10:10  Stalker  
Tags
 
Add a new tag
Caveats
  • Supply blocks, unpowered buildings, or Contaminate may cause inaccurate times.
  • Supply counts are checked every 10 seconds.